 Dungeon Crawl Stone Soup version 0.19.0-2-gae57169 (webtiles) character file.

189 BaronBadger the Chopper (level 5, 0/49 HPs)
             Began as a Deep Dwarf Fighter on Nov 6, 2016.
             Slain by an ogre
             ... wielding a +0 giant club
              (25 damage)
             ... on level 4 of the Dungeon.
             The game lasted 00:01:53 (1502 turns).

BaronBadger the Chopper (Deep Dwarf Fighter)        Turns: 1502, Time: 00:01:53

Health: 0/49       AC:  8    Str: 20    XL:     5   Next: 40%
Magic:  5/5        EV:  7    Int:  8    God:
Gold:   254        SH:  9    Dex: 13    Spells: 0 memorised, 4 levels left

rFire  . . .     SeeInvis .     a - +0 war axe
rCold  . . .     Gourm    .     b - +0 scale mail
rNeg   . . .     Faith    .     c - +0 shield
rPois  .         Spirit   .     (no helmet)
rElec  .         Reflect  .     v - +0 cloak
rCorr  .         Harm     .     (no gloves)
MR     .....                    (no boots)
Stlth  ..........               (no amulet)
                                (no ring)
                                (no ring)

@: non-regenerating
A: damage resistance, recharge devices, sense surroundings 1, slow regeneration
3
a: Device Recharging


You were on level 4 of the Dungeon.
You were not hungry.

You visited 1 branch of the dungeon, and saw 4 of its levels.

You collected 254 gold pieces.

Inventory:

Hand Weapons
 a - a +0 war axe (weapon)
Armour
 b - a +0 scale mail (worn)
 c - a +0 shield (worn)
 v - a +0 cloak (worn)
Wands
 e - a wand of heal wounds (4/9)
 u - a wand of iceblast (7/15)
Scrolls
 h - 6 scrolls of identify {unknown}
 i - a scroll of random uselessness {unknown}
 j - 2 scrolls of recharging {unknown}
 p - 6 scrolls of remove curse {unknown}
 q - a scroll of enchant weapon {unknown}
 s - a scroll of enchant armour {unknown}
 t - 3 scrolls of blinking {unknown}
 w - a scroll of teleportation {unknown}
 y - a scroll of fog {unknown}
 B - a scroll of amnesia {unknown}
Potions
 d - 4 potions of might
 k - 2 potions of agility {unknown}
 l - 3 potions of curing {unknown}
 m - a potion of ambrosia {unknown}
 n - a potion of resistance {unknown}
 o - 2 potions of heal wounds {unknown}
 r - a potion of mutation {unknown}
 z - 2 potions of flight {unknown}
 C - a potion of cancellation {unknown}
 D - a potion of degeneration {unknown}
Comestibles
 f - a bread ration
 g - 5 fruits
 x - a slice of pizza
 A - a chunk of flesh


   Skills:
 + Level 3.3 Fighting
 * Level 4.3 Axes
 + Level 4.1 Armour
 + Level 4.2 Shields


You had 4 spell levels left.
You didn't know any spells.

Dungeon Overview and Level Annotations

Branches:
Dungeon (4/15)
 Temple: D:4-7

Altars:
Kikubaaqudgha
Nemelex Xobeh


Innate Abilities, Weirdness & Mutations

You are resistant to damage.
You can recharge devices by infusing magical energy.
You passively map a small area around you.
You do not regenerate.


Message History

No target in view!
No target in view!
You enter a teleport trap!
The teleport trap disappears.
Your surroundings suddenly seem different.
D - a glowing pink potion As you open the door, it creaks loudly!
There is an open door here.
An ogre comes into view. It is wielding a giant club.
An ogre is nearby!
An ogre is nearby!
An ogre is nearby!
The ogre shouts!
You slash the ogre!
The ogre is moderately wounded.
The ogre hits you with a giant club!
You hit the ogre.
The ogre is heavily wounded.
The ogre hits you with a giant club!!
Ouch! That really hurt!
You die...

.[...................# ,
.###..########.....###..
* *
.###..###...##..)..###..
*
..#.........#...........
..#.........#...........
..#.........'.........>.
..##...###..####...####
####...###### ##...#
........# , #.@..# ,
........# ,#.O..#
........# , #....#
......... ,, .....# , ,,
#..#..#., , ..#.... ####
* ######### *


You could see an ogre.

Vanquished Creatures
  An orc wizard (D:3)
  A worker ant (D:4)
  6 adders
  An ooze (D:2)
  An adder skeleton (D:4)
  A worm (D:2)
  A dart slug (D:2)
  A leopard gecko (D:3)
  13 orcs
  2 giant cockroaches
  5 hobgoblins
  A quokka (D:4)
  6 bats
  3 frilled lizards
  6 goblins
  6 kobolds
  6 rats
61 creatures vanquished.

Notes
Turn   | Place    | Note
-------+----------+-------------------------------------------
     0 | D:1      | BaronBadger the Deep Dwarf Fighter began the quest for the Orb.
     0 | D:1      | Reached XP level 1. HP: 20/20 MP: 1/1
   326 | D:1      | Reached XP level 2. HP: 27/27 MP: 2/2
   578 | D:2      | Reached XP level 3. HP: 23/34 MP: 3/3
  1012 | D:3      | Found a sparkling altar of Nemelex Xobeh.
  1042 | D:3      | Reached XP level 4. HP: 27/42 MP: 4/4
  1240 | D:3      | Reached XP level 5. HP: 27/49 MP: 5/5
  1431 | D:4      | Found an ancient bone altar of Kikubaaqudgha.
  1499 | D:4      | Noticed an ogre
  1502 | D:4      | Slain by an ogre

Skill      XL: |  1  2  3  4 |
---------------+-------------+-----
Fighting       | 3 |  3.3
Axes           | 3 4 |  4.3
Armour         | 4 |  4.1
Shields        | 4 |  4.2

Action                   |  1- 3 |  4- 6 || total
-------------------------+-------+-------++-------
Melee: War axe           |    98 |    67 ||   165
Evoke: Wand              |       |     1 ||     1
  Eat: Chunk             |       |     2 ||     2
Armor: Scale mail        |    59 |    37 ||    96
Dodge: Dodged            |    31 |    18 ||    49
Block: Shield            |    52 |    44 ||    96
